 Dungeon Crawl Stone Soup version 0.31-a0-795-g5eb97db20b (webtiles) character file.

Game seed: 13949724323918949877

71 demibob the Poker (level 4, -1/35 HPs)
             Began as a Merfolk Chaos Knight on Sept 18, 2023.
             Was a Plaything of Xom.
             Slain by an orc wizard
             ... wielding a +0 dagger
              (3 damage)
             ... on level 3 of the Dungeon.
             The game lasted 00:02:30 (1581 turns).

demibob the Poker (Merfolk Chaos Knight)            Turns: 1581, Time: 00:02:31

Health: -1/35      AC:  6    Str: 11    XL:     4   Next: 24%
Magic:  4/4        EV: 14    Int: 10    God:    Xom [..*...]
Gold:   112        SH:  0    Dex: 19    Spells: 3/3 levels left

rFire   . . .        a - +1 spear (heavy)
rCold   . . .        (no shield)
rNeg    . . .        b - +2 leather armour
rPois   .            (no helmet)
rElec   .            (no cloak)
rCorr   .            (no gloves)
SInv    +            h - +0 pair of boots
Will    .....        (no amulet)
Stlth   +            v - ring of see invisible
HPRegen 0.25/turn    (no ring)
MPRegen 0.09/turn

%: no passive effects
@: confused
A: (nimble swimmer 2), mertail, agile 1, inability to read after injury 1
a: Renounce Religion


You were on level 3 of the Dungeon.
You worshipped Xom.
You were a toy of Xom.
You visited 1 branch of the dungeon, and saw 3 of its levels.

You collected 112 gold pieces.


Innate Abilities, Weirdness & Mutations

((You are very nimble when in or above water. (Stealth+, EV+, Speed+++)))
Your lower body shifts to a powerful aquatic tail in water.
You are agile. (Dex +4, Str/Int -1)
You occasionally lose the ability to read scrolls when taking damage.


   Skills:
 - Level 3.2 Fighting
 + Level 5.4 Polearms
 - Level 0.6 Armour
 + Level 4.5 Dodging


You had 3 spell levels left.
You didn't know any spells.
Your spell library contained the following spells:

 Spells                   Type           Power      Damage    Failure   Level
 Apportation              Tloc           0%         N/A       45%         1
 Necrotise                Necr           0%         1d4       45%         1
 Summon Small Mammal      Summ           0%         N/A       45%         1

Inventory:

Hand Weapons
 a - a +1 heavy spear (weapon)
Armour
 b - a +2 leather armour (worn)
 h - a +0 pair of boots (worn)
Jewellery
 v - a ring of see invisible (left hand)
Scrolls
 c - a scroll of butterflies
 d - a scroll of enchant weapon

Dungeon Overview and Level Annotations

Branches:
Dungeon (3/15)

Altars:

Shops:
D:3

*= ......+.......#
##.##.#.......#
##....'.......#
.####.#.......#
.+..#.#.......#
.##.#.#.......#
....#.#.......#
#.###.###############.#
..............55@oo...#
##################o##.#
... .### .. .. .o. ...


You could see an orc priest, an orc wizard (ally target), an orc, a friendly
iron imp (summoned) and a friendly ufetubus (summoned).


Message History

Beogh smites you!
* * * LOW HITPOINT WARNING * * *
Unknown command.
You are too confused!
You bump into the rock wall.
The orc wizard casts a spell at you.
You are more confused.
You closely miss the orc wizard.
The orc wizard is heavily wounded.
The orc wizard hits you but does no damage.
You barely miss the orc wizard.
The orc wizard is heavily wounded.
The orc wizard completely misses you.
You bump into the rock wall.
Xom grants you some temporary aid.
The orc wizard points at you and mumbles some strange words.
The puff of flame hits you!
* * * LOW HITPOINT WARNING * * *
The orc priest calls upon Beogh to heal the orc wizard.
The orc wizard is healed somewhat.
Okay, then.
Okay, then.
You puncture the orc wizard!
The orc wizard is severely wounded.
The orc wizard gestures at you while chanting.
The puff of flame hits you.
* * * LOW HITPOINT WARNING * * *
An orc priest comes into view. It is wielding a +0 short sword.
The orc wizard hits you with a +0 dagger.
You die...

Skill      XL: |  1  2 |
---------------+-------+-----
Dodging        | 3 4 |  4.5
Polearms       | 5 |  5.4
Fighting       | |  3.2
Armour         | |  0.6

Action                     |  1- 3 |  4- 6 || total
---------------------------+-------+-------++-------
  Melee: Spear             |    60 |    25 ||    85
         Punch             |     1 |       ||     1
    Use: Scroll            |     5 |     3 ||     8
         Potion            |     3 |       ||     3
   Stab: Sleeping          |     3 |     2 ||     5
         Petrifying        |       |     2 ||     2
 Armour: Leather armour    |    22 |     7 ||    29
         Skin              |     3 |       ||     3
  Dodge: Dodged            |    26 |    10 ||    36

Levels and vault maps discovered:
D:1:      heliophobic_arrival_ceremonial_halls, layout_loops_ring
D:2:      layout_rooms, uniq_jessica
D:3:      layout_basic, serial_shops, shop, nicolae_shop_advertising_works
          [nicolae_subvault_shop_adworks], nicolae_shop_mannequins,
          nicolae_shop_hallway_stairs

Notes
Turn   | Place    | Note
-------+----------+-------------------------------------------
     0 | D:1      | demibob the Merfolk Chaos Knight began the quest for the
                  | Orb.
     0 | D:1      | Reached XP level 1. HP: 18/18 MP: 1/1
     2 | D:1      | XOM: silly message
    64 | D:1      | XOM: divination: detect creatures
   165 | D:1      | Reached skill level 3 in Dodging
   240 | D:1      | XOM: silly message
   272 | D:1      | Reached XP level 2. HP: 24/24 MP: 2/2
   675 | D:1      | Gained mutation: You are vulnerable to heat. (rF-) [potion
                  | of mutation]
   676 | D:1      | Lost mutation: You are vulnerable to heat. (rF-) [potion of
                  | mutation]
   676 | D:1      | Gained mutation: You occasionally lose the ability to read
                  | scrolls when taking damage. [potion of mutation]
   676 | D:1      | Gained mutation: You are agile. (Dex +4, Str/Int -1)
                  | [potion of mutation]
   863 | D:2      | Noticed Jessica
   863 | D:2      | XOM: 2-stop teleportation journey
   875 | D:2      | XOM: butterfly on damage
   878 | D:2      | Killed Jessica
   879 | D:2      | Reached skill level 5 in Polearms
   879 | D:2      | Reached skill level 4 in Dodging
   879 | D:2      | Reached XP level 3. HP: 16/29 MP: 3/3
  1085 | D:2      | XOM: cast spell 'Summon Hydra'
  1088 | D:2      | Reached XP level 4. HP: 35/35 MP: 4/4
  1304 | D:3      | Found Kirghy's Jewellery Shoppe.
  1319 | D:3      | XOM: enchant monster (good)
  1322 | D:3      | Found Leutuwer's Assorted Antiques.
  1568 | D:3      | XOM: enchant monster (bad)
  1580 | D:3      | XOM: summons 2 friendly demons
  1581 | D:3      | HP: 2/35 [orc wizard/puff of flame (2)]
  1581 | D:3      | Slain by an orc wizard

Vanquished Creatures
  Jessica (D:2)
  2 orcs (D:3)
  2 ball pythons
  2 endoplasms
  6 goblins
  2 hobgoblins
  4 jackals (D:2)
  A quokka (D:1)
  4 bats
  4 frilled lizards
  2 rats
30 creatures vanquished.

Vanquished Creatures (collateral kills)
  An adder (D:2)
1 creature vanquished.

Grand Total: 31 creatures vanquished

Table legend: (Time is in decaauts)
 A = Elapsed time spent in this place.
 B = Non-inter-level travel time spent in this place.
 C = Inter-level travel time spent in this place.
 D = Time resting spent in this place.
 E = Time spent auto-exploring this place.
 F = Levels seen in this place.
 G = Mean time per level.
                   A        B        C        D        E       F      G
               +--------+--------+--------+--------+--------+-----+--------+
         Total |   1599 |   1525 |     74 |    226 |   1062 |   3 |  533.0 |
       Dungeon |   1599 |   1525 |     74 |    226 |   1062 |   3 |  533.0 |
               +--------+--------+--------+--------+--------+-----+--------+

Top non-repeatable levels by time:
     D:1: 701 daAuts
     D:2: 582 daAuts
     D:3: 315 daAuts

Table legend:
 A = Non-vault XP
 B = Vault XP
 C = Vault XP percentage of total XP
 D = Non-vault monster count
 E = Vault monster count
 F = Vault count percentage of total count
                 A         B        C        D         E       F
            +---------+---------+-------+---------+---------+-------
      Total |      65 |      37 |  36.3 |      30 |       1 |   3.2
            +---------+---------+-------+---------+---------+-------
        D:1 |      18 |       0 |   0.0 |      10 |       0 |   0.0
        D:2 |      34 |      37 |  52.1 |      14 |       1 |   6.7
        D:3 |      13 |       0 |   0.0 |       6 |       0 |   0.0
            +---------+---------+-------+---------+---------+-------
